 Dungeon Crawl Stone Soup version 0.20.0-8-g6b59dc7 (webtiles) character file.

34 RKaid the Charmwright (level 3, 0/27 HPs)
             Began as a Vampire Skald on June 1, 2017.
             Slain by a gnoll
             ... wielding a +4 spear
              (1 damage)
             ... on level 2 of the Dungeon.
             The game lasted 00:01:55 (1031 turns).

RKaid the Charmwright (Vampire Skald)               Turns: 1031, Time: 00:01:56

Health: 0/27       AC:  3    Str: 10    XL:     3   Next: 14%
Magic:  6/6        EV: 12    Int: 16    God:
Gold:   51         SH:  0    Dex: 13    Spells: 5/6 levels left

rFire    . . .     SeeInvis +   a - +0 falchion
rCold    . . .     Gourm    .   (no shield)
rNeg     + . .     Faith    .   b - +0 leather armour
rPois    .         Spirit   .   (no helmet)
rElec    .         Reflect  .   (no cloak)
rCorr    .         Harm     .   (no gloves)
MR       .....                  (no boots)
Stlth    +.........             (no amulet)
Regen    0.1/turn               (no ring)
MPRegen  0.1/turn               (no ring)

@: no status effects
A: fangs 3, see invisible, unbreathing
a: Bat Form


You were on level 2 of the Dungeon.
You were not thirsty.

You visited 1 branch of the dungeon, and saw 2 of its levels.

You collected 51 gold pieces.

Inventory:

Hand Weapons
 a - a +0 falchion (weapon)
Missiles
 m - 31 sling bullets
Armour
 b - a +0 leather armour (worn)
Scrolls
 f - a scroll of noise {unknown}
 g - a scroll of magic mapping {unknown}
 i - 4 scrolls of remove curse {unknown}
 k - a scroll of amnesia {unknown}
 l - a scroll of identify {unknown}
Potions
 d - 12 potions of blood {@q1}
 e - 4 potions of curing {unknown}
 h - 2 potions of agility {unknown}
 j - a potion of invisibility {unknown}
Books
 c - a book of Battle


   Skills:
 + Level 2.1 Fighting
 + Level 2.1 Long Blades
 - Level 1.0 Armour
 - Level 2.3 Dodging
 + Level 2.3 Spellcasting
 + Level 3.8 Charms


You had 5 spell levels left.
You knew the following spells:

 Your Spells              Type           Power        Failure   Level  Hunger
a - Infusion              Chrm           ##..         5%          1    #......


Dungeon Overview and Level Annotations

Branches:
Dungeon (2/15)

Altars:
Sif Muna
The Shining One


Innate Abilities, Weirdness & Mutations

You have razor-sharp teeth.
You have supernaturally acute eyesight. (SInv)
You can survive without breathing.


Message History

d - 9 potions of blood {@q1} (gained 1)
You see here a goblin skeleton.
You now have 38 gold pieces (gained 6).
You see here 24 arrows.
i - 3 scrolls labeled GEBBUY MAYXAU (gained 1)
You see here 24 stones.
You see here 24 stones.
You see here 24 arrows.
You see here a leopard gecko skeleton.
Found a deep blue altar of Sif Muna.
You now have 43 gold pieces (gained 5).
i - 4 scrolls labeled GEBBUY MAYXAU (gained 1)
You see here 5 needles of sleeping.
You now have 51 gold pieces (gained 8).
You see here a robe.
A goblin comes into view. It is wielding a club.
The goblin hits you but does no damage.
You barely miss the goblin. Your bite misses the goblin.
The goblin closely misses you.
You hit the goblin. The goblin hits you with a club.
You hit the goblin but do no damage. The goblin barely misses you.
You riposte.
You barely miss the goblin. You miss the goblin. You bite the goblin.
You kill the goblin!
Found an escape hatch in the floor.
Things that are here:
a club; a goblin corpse You bottle the corpse's blood.
d - 10 potions of blood {@q1} (gained 1)
You see here a club. x2
An adder comes into view.
You closely miss the adder. The adder closely misses you.
The adder barely misses you.
You slash the adder! The adder bites you.
You are poisoned.
The adder poisons you!
You hit the adder.
You kill the adder!
You have reached level 3!
Your experience leads to an increase in your attributes!
Increase (S)trength, (I)ntelligence, or (D)exterity?
You feel clever.
You can now transform into a vampire bat.
You feel sick.
You feel sick.
You see here an adder corpse.
You bottle the corpse's blood.
d - 11 potions of blood {@q1} (gained 1)
You feel sick.
You feel sick.
You feel sick.
You start resting.
You feel sick. x2
A rat comes into view.
You feel sick.
You are no longer poisoned.
You hit the rat.
You kill the rat!
You see here a rat corpse.
You bottle the corpse's blood.
d - 12 potions of blood {@q1} (gained 1)
You start resting.
A gnoll comes into view. It is wielding a spear.
A gnoll comes into view. It is wielding an enchanted spear.
The gnoll shouts!
A hobgoblin and a gnoll come into view.
The gnoll shouts!
The hobgoblin shouts!
The gnoll hits you but does no damage.
Your leather armour prevents you from hitting the gnoll.
The gnoll hits you from afar with a spear!
The gnoll barely misses you.
Unknown command.
You start resting.
The gnoll barely misses you.
You hit the gnoll but do no damage. You bite the gnoll.
The gnoll hits you with a spear.
You barely miss the gnoll. You bite the gnoll.
The hobgoblin hits you but does no damage.
The gnoll hits you with a spear. The gnoll closely misses you.
The hobgoblin barely misses you.
You riposte.
You hit the hobgoblin. The gnoll closely misses you.
A goblin comes into view.
The goblin shouts!
There is a stone staircase leading down here.
You see here 5 needles of sleeping.
The gnoll misses you.
You hit the gnoll but do no damage. The gnoll closely misses you.
The goblin barely misses you.
You riposte.
You slash the goblin!
You kill the goblin!
The gnoll hits you from afar with an enchanted spear!
* * * LOW HITPOINT WARNING * * *
The hobgoblin hits you with a club.
* * * LOW HITPOINT WARNING * * *
The gnoll hits you from afar with a spear.
* * * LOW HITPOINT WARNING * * *
You hit the hobgoblin. The gnoll closely misses you. The hobgoblin misses you.
You hit the hobgoblin.
You kill the hobgoblin!
The gnoll hits you from afar with an enchanted spear.
You die...

.. ##### #. # ...# #(#.
##.## #...##...## #####
#..##..(..##
..%.############.#.......###
....................._.....#
..............##@#.......#.#
[#..........#.##)##.....##.#
..........#...#.gg##...##..#
.#.##.......###.#g.##.##..##
...##...........#.....(..##
......##.######.....†.#.##
#####.##.# ####..###.#
####g# ##.# #.# #g#
#####.###g##


You could see 3 gnolls.

Vanquished Creatures
  An adder (D:2)
  3 dart slugs (D:1)
  A leopard gecko (D:2)
  A giant cockroach (D:1)
  A hobgoblin (D:2)
  2 bats (D:1)
  2 frilled lizards (D:1)
  5 goblins
  A kobold (D:1)
  3 rats
20 creatures vanquished.

Notes
Turn   | Place    | Note
-------+----------+-------------------------------------------
     0 | D:1      | RKaid the Vampire Skald began the quest for the Orb.
     0 | D:1      | Reached XP level 1. HP: 16/16 MP: 3/3
   154 | D:1      | Reached XP level 2. HP: 20/22 MP: 5/5
   263 | D:1      | Reached skill level 1 in Armour
   381 | D:1      | Found a glowing golden altar of the Shining One.
   409 | D:1      | Reached skill level 2 in Fighting
   782 | D:2      | Found a deep blue altar of Sif Muna.
   839 | D:2      | Reached XP level 3. HP: 21/27 MP: 6/6
  1026 | D:2      | HP: 5/27 [hobgoblin/club (3)]
  1028 | D:2      | HP: 1/27 [gnoll/spear (5)]
  1031 | D:2      | Slain by a gnoll

Skill      XL: |  1  2 |
---------------+-------+-----
Armour         | 1 |  1.0
Fighting       | 2 |  2.1
Long Blades    | |  2.1
Dodging        | |  2.3
Spellcasting   | |  2.3
Charms         | |  3.8

Action                   || total
-------------------------++-------
Melee: Falchion          ||    54
       Bite              ||     6
 Stab: Sleeping          ||     1
Armor: Leather armour    ||    14
Dodge: Dodged            ||    40
       Rpst.: Falchion   ||    10

Table legend:
 A = Turns spent in this place as a percentage of turns spent in the entire game.
 B = Non-inter-level travel turns spent in this place as a percentage of non-inter-level travel turns spent in the entire game.
 C = Inter-level travel turns spent in this place as a percentage of turns spent in this place.
 D = Turns resting spent in this place as a percentage of non-inter-level travel turns spent in this place.
 E = Turns spent auto-exploring this place as a percentage of non-inter-level travel turns spent in this place.
 F = Non-inter-level travel turns spent in this place divided by the number of levels of this place that you've seen.
                   A       B       C       D       E      F
               +-------+-------+-------+-------+-------+----------------------
         Total | 100.0 | 100.0 |   0.4 |   3.2 |   9.1 | 126.0
       Dungeon | 100.0 | 100.0 |   0.4 |   3.2 |   9.1 | 126.0
               +-------+-------+-------+-------+-------+----------------------

Table legend:
 A = Kills in this place as a percentage of kills in entire the game.
 B = Kills by you in this place as a percentage of kills by you in the entire game.
 C = Kills by friends in this place as a percentage of kills by friends in the entire game.
 D = Other kills in this place as a percentage of other kills in the entire game.
 E = Experience gained in this place as a percentage of experience gained in the entire game.
 F = Experience gained in this place divided by the number of levels of this place that you have seen.
                   A       B       C       D       E      F
               +-------+-------+-------+-------+-------+----------------------
         Total | 100.0 | 100.0 |  -nan |  -nan | 100.0 |  24.5
       Dungeon | 100.0 | 100.0 |  -nan |  -nan | 100.0 |  24.5
               +-------+-------+-------+-------+-------+----------------------
